[Event "TUR-ch Youth U17 2019"]
[Site "Belek"]
[Date "2019.01.25"]
[Round "9"]
[White "Ozkurt, Kutay"]
[Black "Aytekin, Murat Eren"]
[Result "1-0"]
[ECO "A33"]
[WhiteElo "1586"]
[BlackElo "2163"]
[Annotator "NA"]
[PlyCount "127"]
[EventDate "2019.01.20"]
[EventType "swiss"]
[EventCountry "TUR"]
[SourceTitle "playchess.com"]
[Source "ChessBase"]
[SourceQuality "1"]
[TimeControl "5400+30"]

1. e4 c5 2. Nf3 e6 3. b3 a6 4. c4 Nc6 5. Bb2 Qc7 6. Nc3 Nf6 7. g3 {[%emt 0:05:30] LiveBook: 20 Games} d6 8. d4 cxd4 9. Nxd4 Be7 10. Bg2 Bd7 11. O-O O-O 12. Kh1 {[%emt 0:01:30] A33: Symmetrical English: 2 Nf3 Nf6 3 d4 cxd4 4 Nxd4 e6 5 Nc3 Nc6} (12. Nxc6 $14 Bxc6 13. Rc1) (12. Qd2 Rac8 13. Rad1 Rfd8 14. Kh1 Ne8 15. f4 Nxd4 16. Qxd4 Bf6 17. Qa7 b5 18. Qxc7 Rxc7 19. e5 dxe5 20. fxe5 {½-½ (29) Piotrowski,P (2320)-Lewtak,D (2387) Katowice 2018}) 12... Rfd8 13. Nxc6 $146 ({You set blue moves yourself with the critical opening position annotation.:} 13. Nce2 Rac8 14. Qd2 Nxd4 15. Nxd4 Bc6 16. Nxc6 bxc6 17. Bc3 Rd7 18. Rac1 Ne8 19. Rfd1 Qb7 {0-1 (73) Steiner,E-Naegeli,O Paris 1924}) 13... Bxc6 14. Qe2 Rac8 15. Rad1 e5 (15... Qb8 $11) 16. Nd5 Bxd5 17. exd5 Re8 18. f4 e4 (18... Nd7 $14) 19. Bxe4 (19. Bh3 $16) 19... Nxe4 20. Qxe4 Bf6 21. Qg2 Bxb2 22. Qxb2 b5 23. Rc1 Qb7 24. Qd4 Re2 25. Qd3 Rce8 26. Rc2 R2e3 27. Qd2 h5 28. f5 Qe7 29. f6 Qe5 (29... gxf6 $11 {keeps the balance.} 30. Qd4 Re1) 30. fxg7 bxc4 31. bxc4 Re7 32. Qf2 (32. Qd1 $14) 32... Qe4+ (32... h4 $11 {remains equal.}) 33. Kg1 Qg6 {[%emt 0:01:15] [#]} (33... h4 $1 $14) 34. Qf5 (34. Rb2 $1 $16) 34... Qxg7 (34... Kxg7 $14 35. c5 dxc5) 35. Qxh5 R7e5 36. Qh4 Qg6 37. Rcf2 R5e4 38. Qd8+ Re8 39. Qf6 R8e4 40. Qxf7+ Qxf7 41. Rxf7 Rxc4 42. Rd7 Rc2 43. Rf2 ({Not} 43. Rxd6 Ree2 $16) 43... Re1+ 44. Kg2 $1 Ree2 45. Rxe2 Rxe2+ 46. Kh3 Rxa2 47. Rxd6 Kf7 48. g4 a5 49. Ra6 a4 50. Kg3 a3 51. h4 Ra1 52. Kf4 a2 {[%emt 0:00:29] [#]} 53. Kg5 $1 Kg7 54. Ra7+ Kg8 55. Kg6 Kf8 56. g5 Rh1 57. Rxa2 Rxh4 58. Rd2 Ke7 59. d6+ Kd7 60. Kg7 Rh1 61. g6 Rh3 62. Kg8 Rh1 63. g7 Rh3 64. Rf2 1-0

[Event "TUR-ch Youth U17 2019"]
[Site "Belek"]
[Date "2019.01.26"]
[Round "11"]
[White "Gunduz, Umut Erdem"]
[Black "Aytekin, Murat Eren"]
[Result "1-0"]
[ECO "B06"]
[WhiteElo "2255"]
[BlackElo "2163"]
[Annotator "NA"]
[PlyCount "49"]
[EventDate "2019.01.20"]
[EventType "swiss"]
[EventCountry "TUR"]
[SourceTitle "playchess.com"]
[Source "ChessBase"]
[SourceQuality "1"]
[TimeControl "5400+30"]

1. e4 g6 2. d4 Bg7 3. Nc3 d6 4. f4 Nc6 5. Nf3 Bg4 6. Be3 Bxf3 7. gxf3 ({Don't play} 7. Qxf3 Bxd4 8. Bb5 Bxc3+ 9. bxc3 a6 $11) 7... d5 8. Bb5 {[%emt 0:01:30] B06: Modern Defence} e6 9. Bxc6+ {[%emt 0:04:30] LiveBook: 3 Games} (9. f5 Nge7 10. fxe6 fxe6 11. Qe2 O-O 12. O-O-O a6 13. Bxc6 Nxc6 14. h4 Qf6 15. f4 dxe4 {1-0 (48) Neiksans,A (2596)-Azmaiparashvili,Z (2637) Liepaja 2015}) 9... bxc6 10. Qd2 Ne7 $146 ({Black should play} 10... a5 $11) ({Predecessor:} 10... Nf6 11. O-O-O O-O 12. f5 exf5 13. exf5 Ne8 14. Bg5 Qd7 15. Qd3 Nd6 {½-½ (61) Fishbein,A (2470)-Mohr,S (2425) New York 1990}) 11. O-O-O O-O 12. h4 h5 $1 13. Na4 Qb8 14. Nc5 Rd8 15. Rhg1 Qb6 (15... Kh7 $16) 16. f5 exf5 {[%emt 0:27:30] [#]} 17. e5 $1 Kh7 18. Bg5 Re8 19. e6 f6 20. Nd7 Qa6 21. Nxf6+ Bxf6 22. Bxf6 Qxa2 23. Qg5 Qa1+ $16 (23... Rab8 $18 24. b3 (24. Bxe7 Qxb2+ 25. Kd2 Qxd4+ 26. Ke2 Qg7 $11) 24... Rg8 25. Bxe7 Qa1+ 26. Kd2 Qxd4+ 27. Ke1 Qc3+ 28. Rd2 a6) 24. Kd2 Qxb2 25. Rb1 1-0

[Event "TUR-ch Youth U17 2019"]
[Site "Belek"]
[Date "2019.01.26"]
[Round "11"]
[White "Cansun, Can Alp"]
[Black "Turkmen, Ataberk"]
[Result "1-0"]
[ECO "B00"]
[WhiteElo "2174"]
[BlackElo "1856"]
[Annotator "NA"]
[PlyCount "47"]
[EventDate "2019.01.20"]
[EventType "swiss"]
[EventCountry "TUR"]
[SourceTitle "playchess.com"]
[Source "ChessBase"]
[SourceQuality "1"]
[TimeControl "5400+30"]

1. e4 b6 2. d4 Bb7 3. Nc3 e6 4. Bd3 Bb4 5. Nge2 {[%emt 0:01:30] LiveBook: 22 Games} c5 6. dxc5 {[%emt 0:00:30] B00: Queen's Fianchetto Defence, Nimzowitsch Defence} bxc5 7. O-O Ne7 8. Nb5 (8. Be3 d6 9. a3 Bxc3 10. Nxc3 Nd7 11. Bb5 a6 12. Ba4 Qc7 13. Bf4 e5 {1-0 (56) Mrdja,M (2402)-Franic,M (2379) Sibenik 2011}) 8... d6 $146 ({Predecessor:} 8... O-O 9. Bf4 Ba5 10. Nd6 Bc6 11. e5 Ng6 12. Bg3 h5 13. Nf4 Nxf4 14. Bxf4 {½-½ (68) Wilke,T (1753)-Froehlich Dill,A (1813) Germany 2017}) 9. Nxd6+ Qxd6 10. Bb5+ Qc6 11. Bxc6+ Nbxc6 12. c3 Ba5 13. Be3 Bb6 14. b4 c4 15. Bxb6 axb6 16. Nd4 O-O 17. Nxc6 Bxc6 18. Qd6 Rfe8 19. a4 Bxe4 20. Qxb6 Nd5 21. Qd4 Bd3 22. Rfd1 Rad8 23. Rxd3 cxd3 $18 24. Rd1 1-0

[Event "TUR-ch Youth U17 2019"]
[Site "Belek"]
[Date "2019.01.26"]
[Round "11"]
[White "Sen, Irem"]
[Black "Kocyigit, Buse Naz"]
[Result "0-1"]
[ECO "A43"]
[WhiteElo "1765"]
[BlackElo "2043"]
[Annotator "NA"]
[PlyCount "50"]
[EventDate "2019.01.20"]
[EventType "swiss"]
[EventCountry "TUR"]
[SourceTitle "playchess.com"]
[Source "ChessBase"]
[SourceQuality "1"]
[TimeControl "5400+30"]

1. d4 c5 2. Nf3 cxd4 3. Nxd4 d5 4. g3 e5 5. Nb3 {[%emt 0:00:30] A43: Schmid Benoni} Nc6 6. Bg2 Be6 7. c3 (7. O-O Bb4 8. c3 Be7 9. Be3 Nf6 10. Nc5 Bc8 11. Qa4 O-O 12. Rd1 Qc7 13. b4 Bg4 14. f3 Bf5 15. Na3 {½-½ (45) Plat,V (2520)-Gordievsky,D (2562) Yerevan 2017}) 7... Rc8 8. O-O h5 9. Qd3 $146 ({Predecessor:} 9. h4 Nh6 10. e4 dxe4 11. Qxd8+ Rxd8 12. Bxe4 Ng4 13. f3 Nf6 14. Bxc6+ bxc6 15. Be3 {½-½ (37) Car,T (2310)-Sinanovic,M (2400) Pula 1998}) 9... h4 10. Rd1 hxg3 11. hxg3 Qf6 12. a4 a6 13. Na3 g5 14. f3 Bh3 ({Less strong is} 14... Qh6 15. Kf2 $17) 15. Qe3 Bxg2 16. Kxg2 Qh6 17. Qg1 Qh3+ 18. Kf2 g4 19. Rxd5 gxf3 20. exf3 Qe6 21. c4 Nf6 22. Rd1 $19 Qf5 23. Bd2 Ng4+ 24. Kg2 Rh2+ 25. Qxh2 Qxf3+ 0-1

[Event "TUR-ch Youth U17 2019"]
[Site "Belek"]
[Date "2019.01.26"]
[Round "11"]
[White "Baspinar, Lara"]
[Black "Aslan, Lina"]
[Result "1-0"]
[ECO "B28"]
[WhiteElo "1763"]
[BlackElo "1498"]
[Annotator "NA"]
[PlyCount "89"]
[EventDate "2019.01.20"]
[EventType "swiss"]
[EventCountry "TUR"]
[SourceTitle "playchess.com"]
[Source "ChessBase"]
[SourceQuality "1"]
[TimeControl "5400+30"]

1. e4 c5 2. Nf3 a6 3. d4 cxd4 4. Nxd4 Nf6 5. Bd3 e5 6. Nb3 Nc6 7. O-O d6 8. c4 Bg4 9. f3 Qb6+ 10. Kh1 Be6 11. Nc3 Nd7 12. Nd5 Bxd5 13. cxd5 Na5 14. Nxa5 Qxa5 15. Bd2 Qb6 16. b4 Be7 17. Qe2 Rc8 18. Be3 Qd8 19. Rfc1 O-O 20. Rxc8 Qxc8 21. Rc1 Qd8 22. Qd2 Nb6 23. b5 axb5 24. Bxb5 Na8 25. a4 f5 26. exf5 Rxf5 27. Bd3 Rf8 28. Qc2 h6 29. Bf5 Bg5 30. Be6+ Kh8 31. Qd2 Bxe3 32. Qxe3 Qa5 33. Qa3 Rd8 34. Qb3 Nb6 35. h3 Ra8 36. Rc7 Qe1+ 37. Kh2 Qf2 38. Rxb7 Nxa4 39. Rb8+ Rxb8 40. Qxb8+ Kh7 41. Bf5+ g6 42. Qc7+ Kg8 43. Be6+ Kh8 44. Qd8+ Kh7 45. Qg8# 1-0

[Event "TUR-ch Youth U17 2019"]
[Site "Belek"]
[Date "2019.01.26"]
[Round "11"]
[White "Akti, Ezgi"]
[Black "Catal, Uktenur"]
[Result "1-0"]
[ECO "C01"]
[WhiteElo "1713"]
[BlackElo "1854"]
[Annotator "NA"]
[PlyCount "109"]
[EventDate "2019.01.20"]
[EventType "swiss"]
[EventCountry "TUR"]
[SourceTitle "playchess.com"]
[Source "ChessBase"]
[SourceQuality "1"]
[TimeControl "5400+30"]

1. e4 e6 2. d4 d5 3. Bd3 c5 4. exd5 exd5 5. dxc5 Bxc5 6. Nf3 Nf6 7. O-O O-O 8. Nc3 {[%emt 0:02:30] LiveBook: 51 Games} Be6 {[%emt 0:09:00] C01: French: Exchange Variation} (8... Nc6 9. Bg5 Be6 10. Qd2 Re8 11. Rfe1 h6 12. Bh4 d4 13. Bxf6 Qxf6 14. Ne4 Qe7 15. a3 Bb6 16. Re2 a5 17. Ng3 a4 {½-½ (70) Bauer,C (2644)-Ernst,S (2541) Maastricht 2018}) 9. Bf4 Nc6 10. h3 Rc8 $146 ({Predecessor:} 10... Re8 11. a3 Qd7 12. Re1 Rad8 13. Qd2 a6 14. Rad1 Ne7 15. Ne5 Qc8 {½-½ (23) Acs,P (1746)-Toth,A (1754) Budapest 2015}) 11. Bg5 h6 12. Bh4 Be7 13. Ne2 g5 14. Bg3 Ne4 15. c3 Bc5 16. Bc2 f5 17. b4 Bb6 18. b5 Na5 19. Be5 Nc4 20. Bd4 Bf7 21. Bxb6 Nxb6 22. Nfd4 Qf6 23. Qd3 Nc4 24. Ng3 Ncd6 25. Nge2 Rc7 26. Rac1 Rfc8 27. Bb1 Nc4 28. f3 Ne5 29. Qc2 Nxc3 30. Nxc3 Rxc3 31. Qxc3 Rxc3 32. Rxc3 Nc6 33. Ne2 d4 34. Rcc1 Nb4 35. a3 d3 36. axb4 dxe2 37. Rfe1 {[%emt 0:00:00] [#]} Qd4+ $19 38. Kh1 Bc4 39. Bxf5 Kg7 40. Bg4 Kf6 41. Rb1 Bxb5 42. f4 Qf2 43. fxg5+ hxg5 44. Bf3 Ke5 45. Bxb7 Kd4 46. Bf3 Kc3 47. Rg1 Bd3 48. Ra1 Kd2 49. Ra2+ Bc2 50. Raa1 Bd1 51. Raxd1+ exd1=Q 52. Rxd1+ Kc3 53. b5 Kc2 54. Ra1 Kd2 55. Ra2+ 1-0

[Event "TUR-ch Youth U17 2019"]
[Site "Belek"]
[Date "2019.01.26"]
[Round "11"]
[White "Esti, Kubra Selenay"]
[Black "Sahin, Hayrun Nisa"]
[Result "1/2-1/2"]
[ECO "B23"]
[WhiteElo "1662"]
[BlackElo "1743"]
[Annotator "NA"]
[PlyCount "86"]
[EventDate "2019.01.20"]
[EventType "swiss"]
[EventCountry "TUR"]
[SourceTitle "playchess.com"]
[Source "ChessBase"]
[SourceQuality "1"]
[TimeControl "5400+30"]

1. e4 c5 2. Nc3 e6 3. d3 d5 4. g3 Nc6 5. Bg2 d4 6. Nce2 b5 7. f4 Ba6 8. Nh3 Qb6 9. Nf2 Rc8 10. Bd2 c4 11. O-O Nf6 12. h3 Nd7 13. g4 Be7 14. Ng3 Nc5 15. Qf3 cxd3 16. Nxd3 b4 17. Rf2 Bh4 18. Nxc5 Qxc5 19. g5 O-O 20. a3 bxa3 21. Rxa3 Qb6 22. Rb3 Qd8 23. Ra3 Bb7 24. Qh5 Bxg3 25. Rxg3 f5 26. gxf6 Qxf6 27. e5 Qf7 28. Qg5 Rc7 29. Be4 Kh8 30. Qh4 g5 31. Qh6 Nxe5 32. Bxb7 Rxb7 33. Rxg5 Rb5 34. Be1 Nf3+ 35. Rxf3 Rxg5+ 36. Kh2 Rg6 37. Qh4 Qb7 38. Qf2 Rfg8 39. Qxd4+ Qg7 40. Bc3 e5 41. Qxe5 Rg2+ 42. Kh1 Rg1+ 43. Kh2 Rg2+ 1/2-1/2

[Event "TUR-ch Youth U17 2019"]
[Site "Belek"]
[Date "2019.01.26"]
[Round "11"]
[White "Altay, Servet Hakan"]
[Black "Acar, Utku Cengiz"]
[Result "0-1"]
[ECO "B49"]
[WhiteElo "1361"]
[BlackElo "2078"]
[Annotator "NA"]
[PlyCount "56"]
[EventDate "2019.01.20"]
[EventType "swiss"]
[EventCountry "TUR"]
[SourceTitle "playchess.com"]
[Source "ChessBase"]
[SourceQuality "1"]
[TimeControl "5400+30"]

1. e4 c5 2. Nf3 e6 3. d4 cxd4 4. Nxd4 Nc6 5. Nc3 Qc7 6. Be3 a6 7. a3 Nf6 8. Be2 b5 9. O-O Bb7 10. f4 d6 {[%emt 0:00:30] LiveBook: 16 Games} 11. Qe1 {[%emt 0:03:30] B49: Sicilian: Taimanov: 5 Nc3 Qc7 6 Be3 a6 7 Be2} Rc8 $146 ({Predecessor:} 11... h5 12. Kh1 Be7 13. Bf3 h4 14. Rd1 h3 15. Qg3 hxg2+ 16. Qxg2 Nxd4 17. Bxd4 e5 18. fxe5 dxe5 {0-1 (27) Narmontas,M (2411)-Pavlidis,A (2532) Tallinn 2016}) 12. Rd1 Na5 13. Bd3 Nc4 14. Bxc4 Qxc4 15. Bc1 Be7 16. Rf3 (16. e5 $5 Nd5 17. exd6 Bxd6 18. Nxe6 Nxc3 19. bxc3 fxe6 20. Rxd6 Qc5+ 21. Rd4 $11) 16... O-O 17. Rh3 Rfd8 18. Qh4 Kf8 19. e5 Ng8 20. Qf2 Nh6 21. Qe2 dxe5 22. Rxh6 Qxe2 23. Ncxe2 exd4 24. Rxh7 Kg8 25. Rh3 Rxc2 26. Rd2 Rdc8 $19 27. b4 Be4 28. g4 d3 0-1